 Dungeon Crawl Stone Soup version 0.20-a0-222-gb69ddcd (webtiles) character file.

68 Yakui the Bolt Thrower (level 4, -9/34 HPs)
             Began as a Human Hunter on Nov 29, 2016.
             Was a Follower of Cheibriados.
             Mangled by a worm (11 damage)
             ... on level 3 of the Dungeon.
             The game lasted 00:04:38 (1508 turns).

Yakui the Bolt Thrower (Human Hunter)               Turns: 1508, Time: 00:04:38

Health: -9/34      AC:  4    Str: 14    XL:     4   Next: 41%
Magic:  4/4        EV: 12    Int: 13    God:    Cheibriados [*.....]
Gold:   82         SH:  0    Dex: 17    Spells: 3/3 levels left

rFire  . . .     SeeInvis .     b - +2 whip (vamp)
rCold  . . .     Gourm    .     s - +0 leather armour (curse)
rNeg   . . .     Faith    .     (no shield)
rPois  .         Spirit   .     j - +0 helmet
rElec  .         Reflect  .     (no cloak)
rCorr  .         Harm     .     (no gloves)
MR     .....                    (no boots)
Stlth  ++........               (no amulet)
                                (no ring)
                                (no ring)

@: lethally poisoned (-9 -> -12), flying, very slow
A: no striking features
a: Bend Time, Renounce Religion


You were on level 3 of the Dungeon.
You worshipped Cheibriados.
Cheibriados was aware of your devotion.
You were hungry.

You visited 1 branch of the dungeon, and saw 3 of its levels.

You collected 82 gold pieces.


   Skills:
 + Level 2.8 Fighting
 + Level 1.2 Maces & Flails
 - Level 4.2 Crossbows
 + Level 1.0 Armour
 + Level 2.4 Dodging
 - Level 1.0 Stealth
 + Level 1.0 Invocations


You had 3 spell levels left.
You didn't know any spells.

Inventory:

Hand Weapons
 a - a +1 hand crossbow
 b - a +2 vampiric whip (weapon)
Missiles
 d - 37 bolts
Armour
 j - a +0 helmet (worn)
 s - a cursed +0 leather armour (worn)
Scrolls
 e - a scroll of noise {unknown}
 g - a scroll of enchant armour {unknown}
 h - a scroll of magic mapping {unknown}
 i - a scroll of enchant weapon {unknown}
 n - a scroll of amnesia {unknown}
 q - 2 scrolls of fog {unknown}
 r - 2 scrolls of remove curse {unknown}
Potions
 c - a potion of curing {unknown}
 k - a potion of resistance {unknown}
 l - a potion of mutation {unknown}
 m - a potion of flight
 p - a potion of brilliance {unknown}
Comestibles
 f - 2 chunks of flesh
 o - 2 bread rations

Dungeon Overview and Level Annotations

Branches:
Dungeon (3/15)

Altars:
Cheibriados

▒.▒▒▒▒▒.▒
▒.▒▒▒▒▒.▒▒
▒.▒▒.....▒
▒.▒▒.▒▒(.▒ ▒▒
▒.▒▒(▒▒..▒....
▒÷<÷..........
▒▒▒▒▒▒)▒▒▒..▒
▒w▒ ..▒ ▒p▒
... ▒.▒ .K..
▒.▒ ... ...
▒.▒ ▒.▒ ..▒
▒▒▒


You could see a worm.


Message History

You feel sick.
You feel sick.
The ooze jiggles.
Things that are here:
an uncursed blowgun; 11 poisoned needles; a kobold corpse The ooze hits you.
You hit the ooze.
The ooze is moderately wounded.
You feel sick. The ooze hits you.
* * * LOW HITPOINT WARNING * * *
You barely miss the ooze.
The ooze is moderately wounded.
The ooze jiggles.
The ooze hits you but does no damage.
You hit the ooze.
The ooze is almost dead.
You feel sick. The ooze misses you.
You hit the ooze.
You kill the ooze!
Cheibriados thoroughly appreciates the change of pace.
Your Armour skill increases to level 1!
The worm bites you!
* * * LOW HITPOINT WARNING * * *
You are feeling hungry.
* * * LOW HITPOINT WARNING * * *
You feel sick.
It was a potion of flight.
You feel very buoyant.
You fly up into the air.
The worm bites you!
You die...

Action                   |  1- 3 |  4- 6 || total
-------------------------+-------+-------++-------
Melee: Whip              |    75 |    35 ||   110
 Fire: Hand crossbow     |     2 |       ||     2
  Use: Potion            |       |     1 ||     1
 Stab: Sleeping          |     3 |       ||     3
  Eat: Bread ration      |     1 |       ||     1
       Chunk             |     1 |     1 ||     2
Armor: Leather armour    |    14 |    10 ||    24
Dodge: Dodged            |    40 |    25 ||    65

Vault maps used:
D:1:      lemuel_arrival_behind_the_door_small, cheibriados_altar_1

Notes
Turn   | Place    | Note
-------+----------+-------------------------------------------
     0 | D:1      | Yakui the Human Hunter began the quest for the Orb.
     0 | D:1      | Reached XP level 1. HP: 16/16 MP: 1/1
    68 | D:1      | Reached XP level 2. HP: 21/22 MP: 2/2
   267 | D:1      | Found a snail-covered altar of Cheibriados.
   344 | D:1      | Reached XP level 3. HP: 28/28 MP: 3/3
   627 | D:1      | Became a worshipper of Cheibriados the Contemplative
  1197 | D:2      | Reached skill level 1 in Maces & Flails
  1276 | D:2      | Reached XP level 4. HP: 33/34 MP: 4/4
  1460 | D:3      | Reached skill level 1 in Invocations
  1467 | D:3      | Reached * piety under Cheibriados
  1506 | D:3      | Reached skill level 1 in Armour
  1506 | D:3      | HP: 3/34 [worm (10)]
  1508 | D:3      | Mangled by a worm

Vanquished Creatures
  2 adders (D:2)
  An ooze (D:3)
  A worm (D:2)
  A dart slug (D:1)
  3 bats
  2 giant cockroaches (D:2)
  6 goblins (D:1)
  6 hobgoblins
  4 jackals (D:3)
  2 frilled lizards
  8 kobolds
  3 rats
39 creatures vanquished.
